 Dungeon Crawl Stone Soup version 0.30-a0-857-gcaf70739d4 (webtiles) character file.

Game seed: 16069635241060677669

1922 bande the Chopper (level 9, -11/55 HPs)
             Began as a Gargoyle Fighter on Mar 6, 2023.
             Was an Initiate of Okawaru.
             Engulfed by a cloud of steam (12 damage)
             ... on level 7 of the Dungeon.
             The game lasted 00:11:03 (6820 turns).

bande the Chopper (Gargoyle Fighter)                Turns: 6820, Time: 00:11:03

Health: -11/55     AC: 28    Str: 21    XL:     9   Next: 17%
Magic:  9/9        EV:  6    Int:  8    God:    Okawaru [......]
Gold:   452        SH:  6    Dex: 19    Spells: 8/8 levels left

rFire   . . .      SeeInvis .    a - +1 war axe (flame)
rCold   . . .      Faith    .    c - +0 buckler
rNeg    + . .      Spirit   .    C - +0 plate armour
rPois   ∞          Reflect  .    p - +2 hat
rElec   +          Rampage  .    m - +1 cloak
rCorr   .                        n - +0 pair of gloves
Will    .....                    s - +2 pair of boots Stlth
                                 (no amulet)
HPRegen 0.29/turn                z - +6 ring of dexterity
MPRegen 0.11/turn                (no ring)

@: studying Short Blades
A: sickness immunity, AC +6, negative energy resistance 1, electricity
resistance, torment resistance 1, petrification resistance
a: Renounce Religion


You were on level 7 of the Dungeon.
You worshipped Okawaru.
Okawaru was noncommittal.
You visited 2 branches of the dungeon, and saw 8 of its levels.

You collected 452 gold pieces.

Inventory:

Hand Weapons
 a - a +1 war axe of flaming (weapon)
 r - a +1 war axe of electrocution
Missiles
 B - a throwing net (quivered)
Armour
 c - a +0 buckler (worn)
 m - a +1 cloak (worn)
 n - a +0 pair of gloves (worn)
 p - a +2 hat (worn)
 s - a +2 pair of boots (worn)
 A - a +1 scale mail of cold resistance
 C - a +0 plate armour (worn)
Jewellery
 l - a ring of wizardry
 z - a +6 ring of dexterity (left hand)
Wands
 b - a wand of digging (2)
 k - a wand of polymorph (10)
 v - a wand of paralysis (10)
 y - a wand of acid (6)
Scrolls
 f - a scroll of teleportation
 j - 4 scrolls of fog
 o - 2 scrolls of enchant weapon
 w - a scroll of magic mapping
Potions
 d - 2 potions of might
 e - 4 potions of flight
 g - a potion of berserk rage
 h - 2 potions of heal wounds
 i - 2 potions of curing
 q - a potion of cancellation {unknown}
 t - a potion of mutation {unknown}
 u - 2 potions of attraction {unknown}
 x - a potion of brilliance {unknown}
 D - a potion of magic {unknown}


   Skills:
 + Level 5.7 Fighting
 + Level 7.5 Axes
 + Level 6.4 Armour
 + Level 4.7 Shields
 * Level 1.2 Invocations
 * Level 3.4 Evocations


You had 8 spell levels left.
You didn't know any spells.
Your spell library contained the following spells:

 Spells                   Type           Power      Damage    Failure   Level
 Magic Dart               Conj           0%         1d3       100%        1
 Sandblast                Erth           0%         2d4       100%        1
 Passwall                 Tmut/Erth      0%         N/A       100%        2
 Poisonous Vapours        Pois/Air       0%         N/A       100%        2
 Mephitic Cloud           Conj/Pois/Air  0%         N/A       100%        3
 Stone Arrow              Conj/Erth      0%         3d7       100%        3
 Vhi's Electric Charge    Tloc/Air       0%         N/A       100%        3
 Arcjolt                  Conj/Air       0%         1d10      100%        5
 Maxwell's Capacitive Co  Air            0%         ∞         100%        8
 Summon Small Mammal      Summ           Unusable   N/A       N/A         1
 Call Imp                 Summ           Unusable   N/A       N/A         2
 Cigotuvi's Dreadful Rot  Necr/Pois/Air  Unusable   N/A       N/A         2
 Call Canine Familiar     Summ           Unusable   N/A       N/A         3
 Summon Guardian Golem    Hex/Summ       Unusable   N/A       N/A         3

Dungeon Overview and Level Annotations

Branches:
Dungeon (7/15)             Temple (1/1) D:4

Altars:
Ashenzari
Dithmenos
Elyvilon
Fedhas
Hepliaklqana
Okawaru
Qazlal
Ru
Sif Muna
Trog
Uskayaw
Vehumet
Xom
Yredelemnul
The Shining One

Shops:
D:3 (   D:5 [   D:6 *   D:7 !


Innate Abilities, Weirdness & Mutations

You are immune to sickness and miasma.
Your stone body is resilient. (AC +6)
You are immune to poison.
You resist negative energy. (rN+)
You are resistant to electric shocks. (rElec)
You are resistant to unholy torment.
You are immune to petrification.


Message History

The ufetubus hits you but does no damage. x2
You miss the ufetubus.
The ufetubus is heavily wounded.
The steam dragon breathes steam at you. The ball of steam hits you!
You block the ufetubus's attack.
The ufetubus hits you but does no damage.
You hear an angry buzzing noise. x2
You slash the ufetubus! You burn the ufetubus.
You kill the ufetubus!
Okawaru accepts your kill.
You are engulfed in a cloud of scalding steam.
You hear an angry buzzing noise.
You completely miss the steam dragon.
You are engulfed in a cloud of scalding steam.
The steam dragon bites you but does no damage.
The steam dragon claws you but does no damage.
You are too injured to fight recklessly!
You hit the steam dragon but do no damage.
A killer bee comes into view.
The steam dragon bites you but does no damage.
The steam dragon barely misses you.
You hit the steam dragon but do no damage.
A killer bee comes into view.
The steam dragon closely misses you. You block the steam dragon's attack.
You slash the steam dragon! You burn the steam dragon.
The steam dragon is heavily wounded.
You slash the killer bee! You burn the killer bee. The killer bee stings you.
The steam dragon breathes steam at you. The ball of steam hits you!!
* * * LOW HITPOINT WARNING * * *
The killer bee stings you but does no damage.
You hear an angry buzzing noise.
You slash the steam dragon! You burn the steam dragon.
You kill the steam dragon!
Okawaru accepts your kill.
You slash the killer bee! You burn the killer bee.
You kill the killer bee!
Okawaru accepts your kill.
You are engulfed in a cloud of scalding steam.
You die...

#.... ..#.# #.... #...#
#.#.###.... ..>+
........... ..#
#.#.###.... #.#
#.#.###....
#.####.#........
##......#.###.##.
...#.###.∩.......# #.##.
....y..@.......#........
....####†......#.######.
. #.####....# #. #.#
#....# ..# #....# ##.#
#...... ..# ###+#.. .#


You could see a killer bee.

Vanquished Creatures
  Grinder (D:4)
  The ghost of Bediveer the Cutter, an amateur KoBr (D:4)
  A steam dragon (D:7)
  2 orc warriors
  3 phantoms
  2 bullfrogs
  5 scorpions
  3 wights
  A killer bee (D:7)
  A hound (D:6)
  2 gnoll boudas
  4 iguanas
  A sleepcap (D:6)
  2 orc wizards
  10 gnolls
  12 adders
  A white imp (D:6)
  2 ufetubi (D:7)
  2 worms (D:3)
  6 dart slugs
  8 orcs
  13 bats
  4 endoplasms
  2 giant cockroaches
  7 goblins
  4 hobgoblins
  11 jackals
  5 kobolds
  4 quokkas
  5 ball pythons
  3 frilled lizards (D:1)
  3 rats
131 creatures vanquished.

Vanquished Creatures (others)
  2 fungi (D:1)
2 creatures vanquished.

Grand Total: 133 creatures vanquished

Notes
Turn   | Place    | Note
-------+----------+-------------------------------------------
     0 | D:1      | bande the Gargoyle Fighter began the quest for the Orb.
     0 | D:1      | Reached XP level 1. HP: 14/14 MP: 1/1
    58 | D:1      | Reached skill level 2 in Axes
    66 | D:1      | Reached XP level 2. HP: 5/19 MP: 2/2
   468 | D:1      | Reached XP level 3. HP: 18/23 MP: 3/3
  1091 | D:2      | Reached XP level 4. HP: 29/29 MP: 4/4
  1174 | D:2      | Reached skill level 3 in Axes
  1703 | D:3      | Reached XP level 5. HP: 33/33 MP: 5/5
  1906 | D:3      | Found Neeveumu's Antique Weapon Emporium.
  2157 | D:4      | Found a hide-covered altar of Uskayaw.
  2268 | D:4      | Noticed a phantom
  2284 | D:4      | Killed a phantom
  2285 | D:4      | Reached skill level 4 in Axes
  2285 | D:4      | Reached XP level 6. HP: 27/38 MP: 6/6
  2988 | D:4      | Noticed Grinder
  2990 | D:4      | Found a runed translucent door.
  2990 | D:4      | Noticed Bediveer's ghost (amateur KoBr)
  2997 | D:4      | Paralysed by Grinder for 2 turns
  3005 | D:4      | Paralysed by Grinder for 5 turns
  3013 | D:4      | Killed Grinder
  3014 | D:4      | Reached skill level 5 in Axes
  3014 | D:4      | Reached XP level 7. HP: 9/44 MP: 7/7
  3508 | D:4      | Found a staircase to the Ecumenical Temple.
  3514 | Temple   | Entered the Ecumenical Temple
  3790 | D:4      | Killed Bediveer's ghost
  3857 | D:5      | Entered Level 5 of the Dungeon
  3874 | D:5      | Found Jinaloik's Armour Shop.
  3938 | D:5      | Reached skill level 1 in Evocations
  3956 | D:5      | Reached skill level 5 in Armour
  4320 | D:5      | Found a sacrificial altar of Ru.
  4369 | D:5      | Found a glowing golden altar of the Shining One.
  4469 | D:5      | Reached skill level 5 in Fighting
  4469 | D:5      | Reached XP level 8. HP: 43/49 MP: 8/8
  4510 | D:5      | Reached skill level 6 in Axes
  5331 | D:6      | Found Baxaett's General Store.
  5685 | D:6      | Reached skill level 7 in Axes
  5686 | D:6      | Found an iron altar of Okawaru.
  6193 | D:6      | Became a worshipper of Warmaster Okawaru
  6218 | D:7      | Reached XP level 9. HP: 32/54 MP: 9/9
  6503 | D:7      | Reached skill level 1 in Invocations
  6791 | D:7      | Found Ecramu's Distillery.
  6819 | D:7      | HP: 1/55 [steam dragon/ball of steam (20)]
  6820 | D:7      | Engulfed by a cloud of steam

Illustrated notes

Levels and vault maps discovered:
D:1:      minmay_arrival_four_houses, layout_loops_ring,
          minmay_shallow_snake_nest
D:2:      layout_rooms
D:3:      layout_loops_ring, serial_shops, shop, nrook_uturn
D:4:      layout_layer_cave, nicolae_uskayaw_murder_on_the_dancefloor,
          temple_green, gammafunk_ghost_grave, minivault_27, uniq_grinder
D:5:      layout_cave_pools, tso_metal_star, nicolae_ru_awakened_eye,
          serial_shops, shop, minmay_misc_feat_diagonals, kennysheep_path_1
D:6:      layout_basic, lemuel_crystal_altar, serial_shops, nicolae_shop_stone,
          chequers_serial_rivers_small_b, minmay_holes,
          minmay_stone_trees_medium, minivault_10
D:7:      kennysheep_windowed_halls, layout_basic, minitemple, serial_shops,
          shop
Temple:   nicolae_temple_ecumenical_triangle

Skill      XL: |  1  2  3  4  5  6  7  8  9 |
---------------+----------------------------+-----
Axes           | 2 3 4 5 7 |  7.5
Armour         | 4 5 6 |  6.4
Fighting       | 4 5 |  5.7
Shields        | 4 |  4.7
Evocations     | 1 3 |  3.4
Invocations    | 1 |  1.2

Action                     |  1- 3 |  4- 6 |  7- 9 || total
---------------------------+-------+-------+-------++-------
  Melee: War axe           |   123 |   146 |   174 ||   443
    Use: Scroll            |       |    11 |     7 ||    18
 Armour: Scale mail        |    76 |   121 |    77 ||   274
         Chain mail        |       |       |    40 ||    40
         Plate armour      |       |       |    14 ||    14
  Dodge: Dodged            |    70 |    69 |    91 ||   230
  Block: Buckler           |    31 |    32 |    39 ||   102

Table legend: (Time is in decaauts)
 A = Elapsed time spent in this place.
 B = Non-inter-level travel time spent in this place.
 C = Inter-level travel time spent in this place.
 D = Time resting spent in this place.
 E = Time spent auto-exploring this place.
 F = Levels seen in this place.
 G = Mean time per level.
                   A        B        C        D        E       F      G
               +--------+--------+--------+--------+--------+-----+--------+
         Total |   6961 |   6778 |    183 |   1415 |   3973 |   8 |  870.1 |
       Dungeon |   6912 |   6729 |    183 |   1415 |   3943 |   7 |  987.4 |
        Temple |     48 |     48 |      0 |      0 |     30 |   1 |   48.0 |
               +--------+--------+--------+--------+--------+-----+--------+

Top non-repeatable levels by time:
     D:4: 1818 daAuts
     D:5: 1223 daAuts
     D:6: 1178 daAuts
     D:1: 1011 daAuts
     D:3: 649 daAuts
     D:2: 554 daAuts
     D:7: 477 daAuts
  Temple: 48 daAuts
